 Dungeon Crawl Stone Soup version 0.28.0-1-gb440e238dd (webtiles) character file.

Game seed: 14453310030100945937

44 Ablot the Grasshopper (level 3, -3/31 HPs)
             Began as a Gnoll Warper on Feb 24, 2022.
             Slain by an adder (4 damage)
             ... on level 1 of the Dungeon.
             The game lasted 00:01:22 (1192 turns).

Ablot the Grasshopper (Gnoll Warper)                Turns: 1192, Time: 00:01:22

Health: -3/31      AC:  3    Str: 12    XL:     3   Next: 60%
Magic:  9/9        EV: 12    Int: 12    God:
Gold:   61         SH:  0    Dex: 11    Spells: 12/12 levels left

rFire   . . .      SeeInvis .   a - +0 trident
rCold   . . .      Faith    .   (no shield)
rNeg    . . .      Spirit   .   b - +0 leather armour
rPois   .          Reflect  .   (no helmet)
rElec   .          Harm     .   (no cloak)
rCorr   .          Rampage  .   (no gloves)
Will    .....                   (no boots)
Stlth   +.........              (no amulet)
HPRegen 0.10/turn               (no ring)
MPRegen 0.11/turn               (no ring)

@: lethally poisoned (-3 -> -8)
A: fangs 1, strong nose, distributed training
a: no special abilities


You were on level 1 of the Dungeon.
You visited 1 branch of the dungeon, and saw 2 of its levels.

You collected 61 gold pieces.

Inventory:

Hand Weapons
 a - a +0 trident (weapon)
Missiles
 d - 5 boomerangs of dispersal (quivered)
 e - 21 stones
 g - 2 poisoned darts
 j - 3 boomerangs
Armour
 b - a +0 leather armour (worn)
Scrolls
 c - a scroll of blinking
 h - a scroll of enchant weapon {unknown}
Potions
 f - 2 potions of resistance {unknown}
 i - a potion of heal wounds {unknown}


   Skills:
 + Level 4.5 Fighting
 + Level 0.9 Short Blades
 + Level 0.9 Long Blades
 + Level 0.9 Axes
 + Level 0.9 Maces & Flails
 + Level 4.5 Polearms
 + Level 0.9 Staves
 + Level 0.9 Slings
 + Level 0.9 Bows
 + Level 0.9 Crossbows
 + Level 2.6 Throwing
 + Level 2.6 Armour
 + Level 4.5 Dodging
 + Level 0.9 Stealth
 + Level 0.9 Shields
 + Level 0.9 Unarmed Combat
 + Level 5.0 Spellcasting
 + Level 0.6 Conjurations
 + Level 0.6 Hexes
 + Level 0.6 Summonings
 + Level 0.6 Necromancy
 + Level 5.4 Translocations
 + Level 0.6 Transmutations
 + Level 0.6 Fire Magic
 + Level 0.6 Ice Magic
 + Level 0.6 Air Magic
 + Level 0.6 Earth Magic
 + Level 0.6 Poison Magic
 + Level 1.0 Invocations
 + Level 0.9 Evocations


You had 12 spell levels left.
You didn't know any spells.
Your spell library contained the following spells:

 Spells                   Type           Power      Damage    Failure   Level
 Blink                    Tloc           32%        N/A       4%          2
 Gell's Gravitas          Tloc           16%        N/A       9%          3
 Lesser Beckoning         Tloc           16%        N/A       9%          3
 Teleport Other           Tloc           16%        N/A       9%          3
 Manifold Assault         Tloc           16%        N/A       58%         5


Dungeon Overview and Level Annotations

Branches:
Dungeon (2/15)

Altars:


Innate Abilities, Weirdness & Mutations

You have very sharp teeth.
Your uncanny sense of smell can sniff out nearby items.
Your experience applies equally to all skills.


Message History

You are poisoned.
The adder poisons you! The adder bites you.
The adder bites you but does no damage.
You barely miss the adder.
The adder is moderately wounded.
You feel sick. The adder bites you.
You are more poisoned.
The adder poisons you! The adder closely misses you.
The adder completely misses you.
You feel sick. The adder bites you. x2
You climb upwards.
You feel very sick.
There is a stone staircase leading down here.
You completely miss the adder.
The adder is moderately wounded.
You feel sick. The adder bites you.
* * * LOW HITPOINT WARNING * * *
You are lethally poisoned!
The adder poisons you! The adder barely misses you. x2
You closely miss the adder.
The adder is moderately wounded.
* * * LOW HITPOINT WARNING * * *
You feel very sick. The adder bites you but does no damage.
The adder misses you. The adder completely misses you.
You barely miss the adder.
The adder is moderately wounded.
* * * LOW HITPOINT WARNING * * *
You feel sick. The adder completely misses you.
The adder bites you but does no damage.
You closely miss the adder.
The adder is moderately wounded.
* * * LOW HITPOINT WARNING * * *
You feel sick. The adder closely misses you. The adder completely misses you.
The adder misses you.
You miss the adder.
The adder is moderately wounded.
* * * LOW HITPOINT WARNING * * *
You feel sick. The adder bites you.
You die...

.#.#####.#
#........# #..# ##.#
#.# ##########
#..#### ##.# #.#
#.....# ##.# #.#
###############.##.#
##.# #.#
#.............†.##.#
##.# #.#
#.################.#
##.# #.# #.# #.#
##.# #.# #.#########
#.# ...# #.#
#..S@S....# ####.#
#### ###.#
#########.# #....#
.## #...# #.# #.####
..## #.### #.# #.#
#..# #.# #.# #.#
#..###.# #.# #.#
#....#.# #.# #.#
#....#.# #.# #.#
#....#.# ####.# #.#


You could see 2 adders.

Vanquished Creatures
  2 adders (D:2)
  A worm (D:2)
  A dart slug (D:1)
  3 endoplasms (D:1)
  A giant cockroach (D:1)
  2 goblins (D:1)
  2 hobgoblins (D:1)
  2 kobolds (D:1)
  A quokka (D:1)
  A ball python (D:1)
  3 frilled lizards (D:1)
  2 rats (D:1)
21 creatures vanquished.

Vanquished Creatures (others)
  A ghoul (D:1)
  2 demonspawn (D:1)
  An octopode (D:1)
  2 gargoyles (D:1)
  An elf (D:1)
  A vampire (D:1)
  A naga (D:1)
  A tengu (D:1)
  A felid (D:1)
  A kobold (D:1)
  8 tentacles (D:1)
20 creatures vanquished.

Grand Total: 41 creatures vanquished

Notes
Turn   | Place    | Note
-------+----------+-------------------------------------------
     0 | D:1      | Ablot the Gnoll Warper began the quest for the Orb.
     0 | D:1      | Reached XP level 1. HP: 20/20 MP: 6/6
     0 | D:1      | Noticed a demonspawn
     0 | D:1      | Noticed a felid
     0 | D:1      | Noticed a ghoul
     0 | D:1      | Noticed a gargoyle
     0 | D:1      | Noticed a naga
     0 | D:1      | Noticed an elf
     0 | D:1      | Noticed a kraken
     0 | D:1      | Noticed an octopode
     0 | D:1      | Noticed a vampire
     0 | D:1      | Noticed a tengu
     0 | D:1      | Noticed a gargoyle
     0 | D:1      | Noticed a demonspawn
     6 | D:1      | Killed an elf
     7 | D:1      | Killed a gargoyle
     8 | D:1      | Killed a naga
    11 | D:1      | Killed a tengu
    13 | D:1      | Killed a gargoyle
    14 | D:1      | Killed an octopode
    16 | D:1      | Killed a demonspawn
    18 | D:1      | Killed a demonspawn
    19 | D:1      | Killed a ghoul
    20 | D:1      | Killed a vampire
    21 | D:1      | Killed a felid
   210 | D:1      | Reached XP level 2. HP: 19/26 MP: 7/7
   872 | D:1      | Found a faded altar of an unknown god.
  1137 | D:2      | Reached skill level 5 in Spellcasting
  1137 | D:2      | Reached XP level 3. HP: 31/31 MP: 7/9
  1152 | D:2      | Reached skill level 1 in Invocations
  1192 | D:1      | HP: 1/31 [poisoned by an adder]
  1192 | D:1      | Slain by an adder

Illustrated notes

Levels and vault maps discovered:
D:1:      nicolae_arrival_kraken_aquarium_a, layout_loops_ring,
          dreamdust_ecumenical_altar_statues
D:2:      layout_loops_cross, minmay_tromino_i4, uniq_jessica

Skill      XL: |  1  2  3 |
---------------+----------+-----
Spellcasting   | 5 |  5.0
Invocations    | 1 |  1.0
Fighting       | |  4.5
Short Blades   | |  0.9
Long Blades    | |  0.9
Axes           | |  0.9
Maces & Flails | |  0.9
Polearms       | |  4.5
Staves         | |  0.9
Slings         | |  0.9
Bows           | |  0.9
Crossbows      | |  0.9
Throwing       | |  2.6
Armour         | |  2.6
Dodging        | |  4.5
Stealth        | |  0.9
Shields        | |  0.9
Unarmed Combat | |  0.9
Conjurations   | |  0.6
Hexes          | |  0.6
Summonings     | |  0.6
Necromancy     | |  0.6
Translocations | |  5.4
Transmutations | |  0.6
Fire Magic     | |  0.6
Ice Magic      | |  0.6
Air Magic      | |  0.6
Earth Magic    | |  0.6
Poison Magic   | |  0.6
Evocations     | |  0.9

Action                   || total
-------------------------++-------
Melee: Trident           ||    74
       Bite              ||     5
 Stab: Distracted        ||     1
       Sleeping          ||     1
Armor: Leather armour    ||    14
Dodge: Dodged            ||    41
